AoeStats
← trta911

Four Lakes

509432014Analyzed
1v1 RM · 7d ago on Sep 26, 2026· 27m 37s· 2 players
Game mode
Random Map
Map size
Tiny (2 player)
Population
200
Speed
Normal
Resources
Standard
Victory
Conquest
Starting age
Dark Age
Ending age
Imperial Age
RankedLock teamsTeams togetherTeam positionsShared explorationLock speedFull tech treeHidden civsTurbo modeCheats
Victory
Defeat
🇲🇦 Malay · Morocco
1013
+15
🇨🇿 Bengalis · Czechia
1000
-45
trta911
3:52 Loom
K-eleven
10:52 Feudal Age
10:51 Man-at-Arms
12:08 Loom
12:34 Double-Bit Axe
16:37 Arson
17:01 Fishing Lines
17:49 Forging
26:31 Horse Collar
26:42 Arson
29:18 Castle Age
27:21 Gold Mining
Connection lost

Rejoining the realm…

Still unreachable

The connection could not be restored.

Session expired

The server has moved on; the page needs a fresh start.